 Dungeon Crawl Stone Soup version 0.32-a0-616-g9348d4545b (console) character file.

Game seed: 15198638698983752817

28 PedXing the Chopper (level 3, -1/31 HPs)
             Began as a Mountain Dwarf Monk on Mar 6, 2024.
             Slain by an iguana (11 damage)
             ... on level 2 of the Dungeon.
             The game lasted 00:03:25 (1252 turns).

PedXing the Chopper (Mountain Dwarf Monk)           Turns: 1252, Time: 00:03:26

Health: -1/31      AC:  7    Str: 15    XL:     3   Next: 0%
Magic:  3/3        EV:  9    Int: 10    God:
Gold:   88         SH:  0    Dex: 12    Spells: 2/2 levels left

rFire   . . .        a - +0 hand axe
rCold   . . .        d - orb {light}
rNeg    . . .        l - +0 scale mail
rPois   .            (no helmet)
rElec   .            (no cloak)
rCorr   .            (no gloves)
SInv    .            n - +0 pair of boots
Will    .....        (no amulet) Stlth
                     (no ring)
HPRegen 0.25/turn    (no ring)
MPRegen 0.08/turn

%: no passive effects
@: glowing
A: runic magic, artefact enchanting
a: no special abilities


You were on level 2 of the Dungeon.
You visited 1 branch of the dungeon, and saw 2 of its levels.

You collected 88 gold pieces.

Inventory:

Hand Weapons
 a - a +0 hand axe (weapon)
Missiles
 h - 13 stones (quivered)
Armour
 b - a +0 robe
 d - an orb of light (worn)
 l - a +0 scale mail (worn)
 n - a +0 pair of boots (worn)
Wands
 p - a wand of mindburst (7)
Scrolls
 g - 3 scrolls of poison {unknown}
 k - a scroll of noise {unknown}
 m - a scroll of fog {unknown}
 o - a scroll of enchant weapon {unknown}
Potions
 c - a potion of ambrosia
 e - a potion of might {unknown}
 f - a potion of mutation {unknown}
 i - 2 potions of curing {unknown}
 j - a potion of degeneration {unknown}


   Skills:
 + Level 3.6 Fighting
 * Level 4.4 Axes
 * Level 0.1 Armour
 + Level 2.4 Dodging


You had 2 spell levels left.
You didn't know any spells.
Your spell library was empty.

Dungeon Overview and Level Annotations

Branches:
Dungeon (2/15)

Altars:


Innate Abilities, Weirdness & Mutations

Your spellcasting is much less encumbered by armour.
You can use scrolls of enchantment on lesser artefacts.


Message History

The hobgoblin hits you but does no damage.
You hit the hobgoblin.
You kill the hobgoblin!
You have reached level 3!
Your experience leads to an increase in your attributes!
Increase (S)trength, (I)ntelligence, or (D)exterity?
You feel stronger. x2
h - 13 stones (gained 3)
p - a wand of mindburst (7)
An iguana comes into view.
The iguana hisses angrily.
You hit the iguana but do no damage. The iguana barely misses you.
You completely miss the iguana. The iguana bites you.
You barely miss the iguana. The iguana barely misses you.
You completely miss the iguana. The iguana bites you.
The iguana bites you but does no damage.
You hit the iguana.
The iguana is moderately wounded.
The iguana bites you.
You hit the iguana but do no damage.
The iguana is moderately wounded.
The iguana bites you.
You hit the iguana but do no damage.
The iguana is moderately wounded.
The iguana closely misses you.
You hit the iguana.
The iguana is moderately wounded.
The iguana bites you.
You hit the iguana.
The iguana is heavily wounded.
The iguana bites you!
You are too injured to fight recklessly!
You hit the iguana but do no damage.
The iguana is heavily wounded.
The iguana bites you.
* * * LOW HITPOINT WARNING * * *
You hit the iguana.
The iguana is heavily wounded.
The iguana bites you!
You die...

#[......†....
#####.......#....
............+....
############.......#....
....... #.......#....
....... #.......#....
.......#############...<
............# ........
......l@....# ....####
.......#....# ....
.......#....# ....
#########.### ?.
#...####
###########....#...
#.................. #.
#..................
####.
#..................


You could see an iguana.

Vanquished Creatures
  3 endoplasms (D:1)
  A goblin (D:1)
  4 hobgoblins
  4 jackals (D:2)
  A quokka (D:1)
  A ball python (D:2)
  2 bats (D:1)
  4 frilled lizards (D:1)
  3 kobolds (D:1)
  2 rats (D:1)
25 creatures vanquished.

Notes
Turn   | Place    | Note
-------+----------+-------------------------------------------
     0 | D:1      | PedXing the Mountain Dwarf Monk began the quest for the
                  | Orb.
     0 | D:1      | Reached XP level 1. HP: 19/19 MP: 1/1
   229 | D:1      | Reached skill level 4 in Axes
   239 | D:1      | Reached XP level 2. HP: 20/26 MP: 2/2
  1219 | D:2      | Reached XP level 3. HP: 31/31 MP: 3/3
  1252 | D:2      | Slain by an iguana

Illustrated notes

Levels and vault maps discovered:
D:1:      psy_arrival_dodecagon, layout_basic, minmay_box_of_dots
D:2:      layout_basic, serial_shops, shop_statue, uniq_natasha

Skill      XL: |  1 |
---------------+----+-----
Axes           | 4 |  4.4
Fighting       | |  3.6
Armour         | |  0.1
Dodging        | |  2.4

Action                     || total
---------------------------++-------
  Melee: Hand axe          ||    86
 Armour: Robe              ||    19
         Scale mail        ||    33
  Dodge: Dodged            ||    42

Table legend: (Time is in decaauts)
 A = Elapsed time spent in this place.
 B = Non-inter-level travel time spent in this place.
 C = Inter-level travel time spent in this place.
 D = Time resting spent in this place.
 E = Time spent auto-exploring this place.
 F = Levels seen in this place.
 G = Mean time per level.
                   A        B        C        D        E       F      G
               +--------+--------+--------+--------+--------+-----+--------+
         Total |   1259 |   1153 |    106 |     53 |    833 |   2 |  629.5 |
       Dungeon |   1259 |   1153 |    106 |     53 |    833 |   2 |  629.5 |
               +--------+--------+--------+--------+--------+-----+--------+

Top non-repeatable levels by time:
     D:1: 1032 daAuts
     D:2: 227 daAuts
